 Dungeon Crawl Stone Soup version 0.31-a0-83-gbff143cfd1 (webtiles) character file.

Game seed: 13258207072354195312

291596 greasedhog the Slayer (level 20, -14/189 HPs)
             Began as a Merfolk Fighter on May 24, 2023.
             Was the Champion of Okawaru.
             Demolished by a vault warden
             ... wielding a +0 long sword of freezing
              (42 damage)
             ... on level 3 of the Vaults on May 25, 2023.
             The game lasted 01:15:54 (43447 turns).

greasedhog the Slayer (Merfolk Fighter)            Turns: 43447, Time: 01:15:55

Health: -14/189    AC: 26    Str: 26    XL:     20   Next: 78%
Magic:  27/29      EV: 31    Int:  9    God:    Okawaru [******]
Gold:   2124       SH: 14    Dex: 16    Spells: 19/19 levels left

rFire   + + .        U - +6 demon trident of Incongruity {drain, rF+ rCorr Int+2}
rCold   + + .        V - +0 kite shield "Poxeuguo" {rF+}
rNeg    . . .        F - +2 swamp dragon scales
rPois   +            I - +2 hat
rElec   .            W - +1 cloak {Will+}
rCorr   +            X - +2 pair of gloves "Nuemyw Wou" {Str+3}
SInv    .            R - +2 pair of boots {rampage}
Will    ++...        C - amulet of regeneration
Stlth   +            n - +5 ring of evasion
HPRegen 1.31/turn    E - ring "Nuenech" {rC++ rCorr Stlth-}
MPRegen 0.21/turn

%: rampage
@: heroic, studying Polearms
A: (nimble swimmer 2), mertail
}: 2/15 runes: decaying, serpentine
a: Renounce Religion, Heroism, Finesse, Duel


You were on level 3 of the Vaults.
You worshipped Okawaru.
Okawaru was exalted by your worship.
You visited 7 branches of the dungeon, and saw 34 of its levels.
You also visited: Bailey.

You collected 4054 gold pieces.
You spent 1930 gold pieces at shops.

Inventory:

Hand Weapons
 a - a +9 demon trident of venom
 U - the +6 demon trident of Incongruity (weapon) {drain, rF+ rCorr Int+2}
   (Okawaru gifted it to you on level 13 of the Dungeon)

   Int:       It affects your intelligence (+2).
   rF:        It protects you from fire.
   rCorr:     It protects you from acid and corrosion.
Missiles
 r - 12 curare-tipped darts
 J - 8 throwing nets (quivered)
Armour
 F - +2 swamp dragon scales (worn)
 I - a +2 hat (worn)
 R - a +2 pair of boots of rampaging (worn)
 V - the +0 kite shield "Poxeuguo" (worn) {rF+}
   (You acquired it on level 3 of the Vaults)

   rF:        It protects you from fire.
 W - a +1 cloak of willpower (worn)
 X - the +2 pair of gloves "Nuemyw Wou" (worn) {Str+3}
   (Okawaru gifted it to you on level 2 of the Vaults)

   Str:       It affects your strength (+3).
Jewellery
 e - a ring of flight
 i - a ring of positive energy
 n - a +5 ring of evasion (left hand)
 s - a ring of willpower
 C - an amulet of regeneration (around neck)
 E - the ring "Nuenech" (right hand) {rC++ rCorr Stlth-}
   (You found it on level 8 of the Dungeon)

   [ring of resist corrosion]

   rC:        It greatly protects you from cold.
   rCorr:     It protects you from acid and corrosion.
   Stlth:     It makes you less stealthy.
 Q - a ring of resist corrosion
 Y - a ring of see invisible
Wands
 b - a wand of paralysis (17)
 g - a wand of roots (12)
 y - a wand of mindburst (11)
 B - a wand of polymorph (20)
 M - a wand of flame (63)
 O - a wand of acid (27)
 Z - a wand of digging (6)
Scrolls
 c - 4 scrolls of blinking
 h - 8 scrolls of immolation
 k - 10 scrolls of poison
 q - 3 scrolls of magic mapping
 u - 7 scrolls of fog
 w - 4 scrolls of silence
 D - a scroll of enchant weapon
 G - 12 scrolls of teleportation
 H - 5 scrolls of amnesia
 K - 4 scrolls of fear
 S - 12 scrolls of identify
 T - 2 scrolls of brand weapon
Potions
 d - 4 potions of might
 f - 6 potions of magic
 j - 8 potions of attraction
 l - 3 potions of ambrosia
 m - 7 potions of heal wounds
 o - 3 potions of invisibility
 p - 4 potions of haste
 t - 3 potions of brilliance
 v - 5 potions of berserk rage
 x - 5 potions of lignification
 z - 8 potions of enlightenment
 A - 6 potions of mutation
 L - 7 potions of curing
 N - 4 potions of cancellation
 P - 2 potions of resistance


   Skills:
 * Level 24.4(27) Fighting
 - Level 14.8(19.8) Polearms
 - Level 10.4(15.4) Armour
 * Level 23.9(27) Dodging
 - Level 11.2(16.2) Shields
 - Level 13.1 Invocations


You had 19 spell levels left.
You didn't know any spells.
Your spell library contained the following spells:

 Spells                   Type           Power      Damage    Failure   Level
 Kiss of Death            Conj/Necr      0%         2d5       58%         1
 Slow                     Hex            0%         N/A       58%         1
 Blink                    Tloc           0%         N/A       75%         2
 Cigotuvi's Dreadful Rot  Necr/Pois/Air  0%         N/A       75%         2
 Lesser Beckoning         Tloc           0%         N/A       75%         2
 Momentum Strike          Conj/Tloc      0%         3d8       75%         2
 Poisonous Vapours        Pois/Air       0%         N/A       75%         2
 Scorch                   Fire           0%         2d5       75%         2
 Static Discharge         Conj/Air       0%         2-2/arc   75%         2
 Confusing Touch          Hex            0%         N/A       92%         3
 Frozen Ramparts          Ice            0%         1d1       92%         3
 Gell's Gravitas          Tloc           0%         N/A       92%         3
 Ignite Poison            Fire/Tmut/Pois 0%         N/A       92%         3
 Inner Flame              Hex/Fire       0%         N/A       92%         3
 Portal Projectile        Hex/Tloc       0%         N/A       92%         3
 Spider Form              Tmut/Pois      0%         N/A       92%         3
 Teleport Other           Tloc           0%         N/A       92%         3
 Vampiric Draining        Necr           0%         2d6       92%         3
 Airstrike                Air            0%         2d(0-16)  100%        4
 Anguish                  Hex/Necr       0%         N/A       100%        4
 Cause Fear               Hex            0%         N/A       100%        4
 Dispel Undead            Necr           0%         3d6       100%        4
 Flame Wave               Conj/Fire      0%         2d4       100%        4
 Ice Form                 Ice/Tmut       0%         N/A       100%        4
 Leda's Liquefaction      Hex/Erth       0%         N/A       100%        4
 Manifold Assault         Tloc           0%         N/A       100%        4
 Passage of Golubria      Tloc           0%         N/A       100%        4
 Borgnjor's Vile Clutch   Necr/Erth      0%         N/A       100%        5
 Freezing Cloud           Conj/Ice/Air   0%         6-21      100%        5
 Silence                  Hex/Air        0%         N/A       100%        5
 Yara's Violent Unravell  Hex/Tmut       0%         3d3       100%        5
 Dispersal                Tloc           0%         N/A       100%        6
 Enfeeble                 Hex            0%         N/A       100%        7
 Storm Form               Tmut/Air       0%         N/A       100%        7
 Disjunction              Tloc           0%         N/A       100%        8
 Ignition                 Fire           0%         3d3       100%        8
 Lehudib's Crystal Spear  Conj/Erth      0%         10d2      100%        8
 Call Canine Familiar     Summ           Unusable   N/A       N/A         3
 Summon Guardian Golem    Hex/Summ       Unusable   N/A       N/A         3
 Summon Ice Beast         Ice/Summ       Unusable   N/A       N/A         4
 Summon Lightning Spire   Summ/Air       Unusable   N/A       N/A         4
 Death Channel            Necr           Unusable   N/A       N/A         6
 Summon Cactus Giant      Summ           Unusable   N/A       N/A         6
 Malign Gateway           Summ/Tloc      Unusable   N/A       N/A         7

Dungeon Overview and Level Annotations

Branches:
Dungeon (15/15)            Temple (1/1) D:4            Lair (5/5) D:9
  Swamp (4/4) Lair:3        Snake (4/4) Lair:3        Slime (0/5) Lair:5
    Orc (2/2) D:10            Elf (0/3) Orc:2        Vaults (3/5) D:13
  Crypt (0/3) Vaults:2     Depths (0/4) D:15         Bailey (visited)

Altars:
Ashenzari
Cheibriados
Dithmenos
Elyvilon
Fedhas
Gozag
Hepliaklqana
Kikubaaqudgha
Makhleb
Nemelex Xobeh
Okawaru
Qazlal
Ru
Sif Muna
Trog
Uskayaw
Vehumet
Wu Jian
Xom
Yredelemnul
Zin
The Shining One
Jiyva

Shops:
D:1 ?   D:4 *   D:6 *   D:12 ?   Orc:2 :[*!   Snake:1 *[*(   Snake:3 ?

Annotations:
Snake:3 2 transporters
Orc:1 2 transporters
Vaults:1 1 runed translucent door


Innate Abilities, Weirdness & Mutations

((You are very nimble when in or above water. (Stealth+, EV+, Speed+++)))
Your lower body shifts to a powerful aquatic tail in water.


Message History

You puncture the vault warden! You drain the vault warden.
The vault warden is lightly wounded.
You stick the vault warden like a pincushion!!!
The vault warden is heavily wounded.
The vault guard hits you with a +0 war axe!
The ironbound convoker begins to recite a word of recall!
The vault warden hits you with a +0 long sword of freezing!!!
The vault warden freezes you.
You hit the ironbound convoker. You drain the ironbound convoker.
The ironbound convoker is lightly wounded.
You impale the ironbound convoker!!
The ironbound convoker is heavily wounded.
The vault guard barely misses you.
The vault warden hits you with a +0 long sword of freezing!
* * * LOW HITPOINT WARNING * * *
The vault warden freezes you.
* * * LOW HITPOINT WARNING * * *
You puncture the ironbound convoker!
The ironbound convoker is almost dead.
The vault guard hits you with a +0 war axe!
* * * LOW HITPOINT WARNING * * *
You block the vault warden's attack.
You puncture the ironbound convoker!
The ironbound convoker is almost dead.
You puncture the ironbound convoker!
You kill the ironbound convoker!
Okawaru accepts your kill.
The runic seals fade away.
You block the vault guard's attack.
The vault warden activates a sealing rune.
You closely miss the vault warden.
The vault warden is heavily wounded.
You block the vault guard's attack.
The vault warden hits you with a +0 long sword of freezing!
* * * LOW HITPOINT WARNING * * *
The vault warden freezes you.
* * * LOW HITPOINT WARNING * * *
You gain the combat prowess of a mighty hero.
The vault guard completely misses you.
The vault warden hits you with a +0 long sword of freezing!!!
You die...

+..>...'. #...
+......## +...
####..... #...
######... #...
#.######. #...
#...##### #...
#........
#..p#########........
#..p@................
#..))................
#######+#############
#........ #........
#..###### #..# #..#
#..#


You could see a vault warden (strong, drained) and a vault guard (strong).

Vanquished Creatures
  the Lernaean hydra (Swamp:4)
  Nikola (Swamp:2)
  Mlioglotl (Arena)
  A thorn hunter (Swamp:3)
  A tentacled starspawn (Lair:4)
  A fenstrider witch (Swamp:4)
  8 nagarajas (Snake:4)
  A curse skull (Vaults:2)
  Louise (Swamp:2)
  5 vault wardens
  3 orc warlords
  A ghoul (Vaults:2)
  13 ironbound preservers
  A war gargoyle (Vaults:3)
  An ironbound thunderhulk (Vaults:1)
  3 dire elephants (Vaults:3)
  5 eleionomae
  6 bunyips
  Nessos (D:13)
  A minotaur (D:13)
  2 formless jellyfish (Vaults:3)
  2 ettins
  Snorg (Lair:5)
  A crystal guardian (Vaults:3)
  3 yaktaur captains
  An entropy weaver (Vaults:2)
  2 great orbs of eyes (Vaults:1)
  5 vault guards
  The ghost of bande the Cleaver, a journeyman GrFi (D:13)
  Erolcha (Orc:2)
  3 ghost crabs
  18 hydras
  8 alligators
  2 catoblepae
  9 anacondas
  A peacekeeper (Vaults:3)
  15 centaur warriors
  14 two-headed ogres
  3 tengu warriors (D:15)
  7 ironbound frosthearts
  3 boulder beetles
  17 naga warriors
  4 ogre magi
  10 death yaks (Lair:5)
  A deep troll shaman (Lair:5)
  12 naga sharpshooters
  5 shock serpents
  3 orc high priests
  A hell knight (D:15)
  11 spriggans
  A skyshark (Lair:4)
  Amaemon (D:8)
  Sonja (Orc:2)
  A salamander mystic (Snake:2)
  7 skeletal warriors
  6 goliath frogs
  A glowing orange brain (Vaults:2)
  4 spriggan druids
  A death drake (Swamp:3)
  12 sea snakes
  40 deep trolls
  5 wizards
  4 bog bodies
  5 naga ritualists
  18 swamp dragons
  8 harpies
  12 ironbound convokers
  8 orc knights
  A phantasmal warrior (Vaults:1)
  4 deep elf pyromancers
  19 lindwurms
  32 ugly things
  2 necromancers
  An orc sorcerer (Orc:2)
  8 mana vipers
  7 salamanders
  10 cyclopes
  2 manticores
  8 will-o-the-wisps
  10 elephants
  37 black mambas
  16 naga magi
  8 guardian serpents
  11 vault sentinels
  6 slime creatures
  10 cane toads
  4 torpor snails (Lair:2)
  An orange demon (D:8)
  Maggie (D:9)
  3 gargoyles
  14 yaktaurs
  A kobold demonologist (D:13)
  6 komodo dragons
  2 rime drakes (Lair:4)
  A tengu conjurer (D:15)
  A polar bear (Lair:5)
  9 trolls
  Prince Ribbit (D:5)
  10 hornets
  19 blink frogs
  9 tyrant leeches
  A culicivora (Vaults:2)
  A culicivora (shapeshifter) (D:14)
  2 vampires
  2 shadows
  2 wraiths
  41 yaks
  A wyvern (D:8)
  11 humans
  3 basilisks
  2 steam dragons
  2 redbacks (Vaults:2)
  12 vampire mosquitoes
  2 chaos spawn (D:10)
  4 wargs
  41 nagas
  7 swamp worms
  3 acid dragons
  Duvessa (D:5)
  24 water moccasins
  31 orc warriors
  A sky beast (D:7)
  11 swamp drakes
  3 black bears
  35 ogres
  3 boggarts (Vaults:1)
  31 wolves
  13 centaurs
  4 kobold brigands
  4 bullfrogs
  9 gnoll sergeants
  A scorpion (D:4)
  3 wights (D:7)
  Dowan (D:5)
  8 killer bees
  2 vampire bats (D:6)
  A howler monkey (D:10)
  2 electric eels
  4 quasits
  6 gnoll boudas (Bailey)
  22 orc priests
  3 jellies
  7 hounds
  Crazy Yiuf (D:5)
  Ijyb (D:5)
  29 orc wizards
  A sleepcap (D:6)
  3 iguanas
  2 hell rats (Lair:1)
  20 gnolls
  8 river rats (Lair:1)
  11 adders
  9 shadow imps
  8 white imps
  5 ufetubi
  2 worms
  7 dart slugs
  90 orcs
  9 ball pythons
  6 endoplasms
  4 giant cockroaches
  7 goblins
  5 hobgoblins
  7 jackals
  28 kobolds
  2 quokkas (D:2)
  14 bats
  5 frilled lizards
  9 rats
1291 creatures vanquished.

Vanquished Creatures (others)
  A goliath frog (Swamp:1)
  A spriggan druid (Swamp:1)
  2 bloated husks
  A human (D:13)
  A swamp worm (Swamp:4)
  2 orc wizards
  An orc (D:9)
  38 foxfires
  2 starspawn tentacles (Lair:4)
49 creatures vanquished.

Grand Total: 1340 creatures vanquished

Notes
Turn   | Place    | Note
-------+----------+-------------------------------------------
     0 | D:1      | greasedhog the Merfolk Fighter began the quest for the Orb.
     0 | D:1      | Reached XP level 1. HP: 18/18 MP: 1/1
    93 | D:1      | Reached XP level 2. HP: 23/24 MP: 2/2
   432 | D:1      | Found Xedaac's Magic Scroll Shop.
   522 | D:2      | Reached XP level 3. HP: 27/30 MP: 3/3
   560 | D:2      | Reached skill level 4 in Fighting
   563 | D:2      | Reached XP level 4. HP: 22/37 MP: 4/4
   573 | D:2      | Reached skill level 5 in Polearms
  1139 | D:2      | Found a faded altar of an unknown god.
  1273 | D:2      | Identified the ring "Guimadan" {Wiz Int+3}
  1340 | D:2      | Reached XP level 5. HP: 43/43 MP: 5/5
  1622 | D:3      | Noticed a black bear
  1642 | D:3      | Killed a black bear
  1643 | D:3      | Reached XP level 6. HP: 12/50 MP: 6/6
  2007 | D:3      | Reached skill level 5 in Fighting
  2070 | D:3      | Found a stormy altar of Qazlal.
  2153 | D:3      | Found an ornate altar of the Wu Jian Council.
  2708 | D:4      | Found a staircase to the Ecumenical Temple.
  2798 | Temple   | Entered the Ecumenical Temple
  2863 | Temple   | Became a worshipper of Warmaster Okawaru
  2971 | D:4      | Found Eboag's Serpentskin Sales.
  2972 | D:4      | Noticed a water moccasin
  2993 | D:4      | Killed a water moccasin
  2994 | D:4      | Reached XP level 7. HP: 24/56 MP: 7/7
  3486 | D:5      | Entered Level 5 of the Dungeon
  3547 | D:5      | Identified the staff of conjuration "Boloteas" {Int+4}
  3605 | D:5      | Noticed Duvessa
  3606 | D:5      | Noticed Dowan
  3627 | D:5      | Killed Duvessa
  3627 | D:5      | Reached * piety under Okawaru
  3631 | D:5      | Killed Dowan
  3649 | D:5      | Reached XP level 8. HP: 62/62 MP: 8/8
  3718 | D:5      | Reached skill level 10 in Polearms
  3895 | D:5      | Noticed Ijyb
  3897 | D:5      | Noticed Prince Ribbit
  3907 | D:5      | Killed Ijyb
  3933 | D:5      | Killed Prince Ribbit
  4334 | D:5      | Found a runed translucent door.
  4335 | D:5      | Noticed Crazy Yiuf
  4341 | D:5      | Killed Crazy Yiuf
  4859 | D:6      | Identified the +0 robe of Xom's Anger {rC++ rN+ Dex+5}
  4914 | D:6      | Reached ** piety under Okawaru
  4939 | D:6      | Reached XP level 9. HP: 57/68 MP: 9/9
  4993 | D:6      | Found Roylleoq's General Store.
  5754 | D:7      | Reached skill level 5 in Armour
  5955 | D:7      | Reached skill level 1 in Dodging
  6259 | D:7      | You fall into a shaft and drop 3 floors!
  6259 | D:10     | Entered Level 10 of the Dungeon
  6310 | D:10     | Reached *** piety under Okawaru
  6417 | D:10     | Got the Guide on Conflagrant Cadavers
  6584 | D:10     | Reached skill level 5 in Shields
  6584 | D:10     | Reached XP level 10. HP: 74/74 MP: 10/10
  6808 | D:10     | Reached skill level 5 in Dodging
  6818 | D:10     | Found a shimmering altar of Xom.
  6818 | D:10     | Noticed a gargoyle
  6818 | D:10     | Found the +7 mace of Variability {chaos, chaos arc}
  6859 | D:10     | Killed a gargoyle
  6859 | D:10     | Reached **** piety under Okawaru
  7064 | D:9      | Reached skill level 1 in Invocations
  7298 | D:9      | Found a hazy altar of Hepliaklqana.
  7371 | D:9      | Noticed Maggie
  7395 | D:9      | Killed Maggie
  7501 | D:9      | Found a staircase to the Lair.
  7707 | D:9      | Reached XP level 11. HP: 79/79 MP: 13/13
  7733 | D:9      | Reached ***** piety under Okawaru
  7918 | D:8      | Identified the ring "Nuenech" {rC++ rCorr Stlth-}
  7929 | D:8      | Noticed Amaemon
  7967 | D:8      | Killed Amaemon
  7968 | D:8      | Reached skill level 10 in Dodging
  8150 | D:8      | Found a flagged portal.
  8172 | Bailey   | Entered a bailey
  9077 | Bailey   | Reached skill level 5 in Invocations
  9265 | Bailey   | Reached skill level 6 in Fighting
  9344 | Bailey   | Identified the staff of death "Ysuibici" {rPois rN+ Will+
                  | SInv}
 10015 | D:7      | Identified the +0 chain mail of Tender Moments {Rampage rC+
                  | Dex+3} (Okawaru gifted it to you on level 7 of the Dungeon)
 10015 | D:7      | Received a gift from Okawaru
 10056 | D:7      | Found a white marble altar of Elyvilon.
 10177 | D:7      | Found a basalt altar of Yredelemnul.
 10450 | D:1      | Bought a scroll of acquirement for 624 gold pieces
 10450 | D:1      | Bought a scroll of identify for 24 gold pieces
 10584 | D:8      | Acquired a +3 demon trident of venom
 10818 | D:9      | Noticed a brown ugly thing
 10827 | D:9      | Killed a brown ugly thing
 10828 | D:9      | Reached skill level 7 in Fighting
 10872 | D:9      | Found a broken altar of Ashenzari.
 10873 | D:9      | Found a bloodstained altar of Trog.
 11036 | D:10     | Found a blossoming altar of Fedhas.
 11350 | D:10     | Noticed a boulder beetle
 11375 | D:10     | Killed a boulder beetle
 11376 | D:10     | Noticed a manticore
 11383 | D:10     | Killed a manticore
 11462 | D:10     | Found a burning altar of Makhleb.
 11462 | D:10     | Noticed an Executioner
 11605 | D:10     | Reached XP level 12. HP: 92/92 MP: 16/16
 11607 | D:10     | Reached skill level 8 in Fighting
 11630 | D:10     | Found a staircase to the Orcish Mines.
 11855 | Lair:1   | Entered Level 1 of the Lair of Beasts
 12287 | Lair:1   | Reached skill level 9 in Fighting
 12888 | Lair:2   | Noticed a catoblepas
 12920 | Lair:2   | Reached skill level 10 in Fighting
 12931 | Lair:2   | Killed a catoblepas
 13177 | Lair:2   | Reached skill level 10 in Shields
 13351 | Lair:2   | Reached skill level 11 in Fighting
 13353 | Lair:2   | Found a snail-covered altar of Cheibriados.
 13552 | Lair:2   | Noticed a seven-headed hydra
 13560 | Lair:2   | Received a gift from Okawaru
 13567 | Lair:2   | Killed a seven-headed hydra
 13762 | Lair:2   | Reached XP level 13. HP: 107/107 MP: 18/18
 14015 | Lair:2   | Reached skill level 12 in Fighting
 14231 | Lair:3   | Found a staircase to the Snake Pit.
 14412 | Lair:3   | Found a staircase to the Swamp.
 14910 | Lair:3   | Identified the +1 robe of a Gauntlet {rC+ Dex+3}
 14952 | Lair:3   | Reached skill level 13 in Fighting
 15590 | Lair:4   | Reached ****** piety under Okawaru
 16163 | Lair:4   | Found a runed translucent door.
 16164 | Lair:4   | Noticed a tentacled starspawn
 16177 | Lair:4   | Received a gift from Okawaru
 16383 | Lair:4   | Killed a tentacled starspawn
 16389 | Lair:4   | Got the Grimoire of Summoned Poison
 16482 | Lair:4   | Reached skill level 14 in Fighting
 16817 | Lair:5   | Entered Level 5 of the Lair of Beasts
 16923 | Lair:5   | Noticed Snorg
 16945 | Lair:5   | Killed Snorg
 17520 | Lair:5   | Identified the +10 scimitar of Jiubby Lyhu {spect, Str+2
                  | Int+3} (Okawaru gifted it to you on level 5 of the Lair of
                  | Beasts)
 17520 | Lair:5   | Received a gift from Okawaru
 17543 | Lair:5   | Reached skill level 15 in Fighting
 17543 | Lair:5   | Reached XP level 14. HP: 104/123 MP: 19/19
 18236 | Lair:5   | Identified the +9 plate armour "Linnuaq" {Will+ Regen+}
                  | (Okawaru gifted it to you on level 5 of the Lair of Beasts)
 18236 | Lair:5   | Received a gift from Okawaru
 18584 | Lair:5   | Found a viscous altar of Jiyva.
 18584 | Lair:5   | Found a staircase to the Slime Pits.
 18760 | Orc:1    | Entered Level 1 of the Orcish Mines
 19119 | Orc:1    | Noticed an orc warlord
 19440 | D:10     | Killed an orc warlord
 19840 | Orc:1    | Found a transporter.
 19842 | Orc:1    | Noticed a stone giant
 19842 | Orc:1    | Noticed an orc warlord
 19843 | Orc:1    | Found a transporter.
 20143 | Orc:2    | Entered Level 2 of the Orcish Mines
 20259 | Orc:2    | Found a staircase to the Elven Halls.
 20283 | Orc:2    | Noticed Sonja
 20298 | Orc:2    | Killed Sonja
 20739 | Orc:1    | Identified the +9 chain mail of the Pleiades {*Slow +Inv
                  | rN+} (Okawaru gifted it to you on level 1 of the Orcish
                  | Mines)
 20739 | Orc:1    | Received a gift from Okawaru
 20821 | Orc:2    | Reached XP level 15. HP: 95/129 MP: 20/20
 20822 | Orc:2    | Noticed Erolcha
 20917 | Orc:2    | Killed Erolcha
 21036 | Orc:2    | Reached skill level 10 in Armour
 21039 | Orc:2    | Found Usuiclod's Book Boutique.
 21040 | Orc:2    | Found Eluivak's General Store.
 21040 | Orc:2    | Found Poelaeqa's Distillery.
 21040 | Orc:2    | Found Kedeawoxt's Antique Armour Emporium.
 21047 | Orc:2    | Bought a +0 pair of boots of rampaging for 172 gold pieces
 21047 | Orc:2    | Bought a potion of heal wounds for 75 gold pieces
 21260 | Orc:2    | Bought a potion of heal wounds for 75 gold pieces
 21260 | Orc:2    | Bought a potion of haste for 150 gold pieces
 21260 | Orc:2    | Bought 2 potions of curing for 90 gold pieces
 21261 | Orc:2    | Bought an embroidered hat for 147 gold pieces
 22632 | D:12     | Found Dodugur's Magic Scroll Boutique.
 22642 | D:12     | Bought a scroll of identify for 32 gold pieces
 22642 | D:12     | Bought a scroll of identify for 32 gold pieces
 22642 | D:12     | Bought a scroll of identify for 32 gold pieces
 22866 | D:1      | Bought a scroll of brand weapon for 114 gold pieces
 23771 | D:13     | Noticed Nessos
 23808 | D:13     | Killed Nessos
 24150 | D:13     | Found a gate to the Vaults.
 24262 | D:13     | Found a runed translucent gate.
 24262 | D:13     | Found a runed translucent gate.
 24262 | D:13     | Found a runed translucent gate.
 24263 | D:13     | Noticed bande's ghost (journeyman GrFi)
 24465 | D:13     | Identified the +6 demon trident of Incongruity {drain, rF+
                  | rCorr Int+2} (Okawaru gifted it to you on level 13 of the
                  | Dungeon)
 24465 | D:13     | Received a gift from Okawaru
 24933 | D:13     | Killed bande's ghost
 25443 | D:13     | Reached skill level 15 in Dodging
 25807 | D:14     | Identified the +8 spear "Orb Guardian's Doom" {freeze,
                  | rPois} (Okawaru gifted it to you on level 14 of the
                  | Dungeon)
 25807 | D:14     | Received a gift from Okawaru
 25808 | D:14     | Reached skill level 10 in Invocations
 26008 | D:14     | Found a sacrificial altar of Ru.
 26115 | D:14     | Reached XP level 16. HP: 114/137 MP: 23/23
 26388 | D:15     | Entered Level 15 of the Dungeon
 26565 | D:15     | Reached skill level 16 in Fighting
 26695 | D:15     | Received a gift from Okawaru
 27033 | D:15     | Identified the +7 bardiche of Fortitude {vamp, rF++ SInv}
                  | (Okawaru gifted it to you on level 15 of the Dungeon)
 27033 | D:15     | Received a gift from Okawaru
 27120 | D:15     | Found a staircase to the Depths.
 27435 | Swamp:1  | Entered Level 1 of the Swamp
 27461 | Swamp:2  | Noticed Louise
 27478 | Swamp:1  | Reached skill level 17 in Fighting
 28278 | Swamp:1  | Identified the +4 ring mail of Winter {rPois} (Okawaru
                  | gifted it to you on level 1 of the Swamp)
 28278 | Swamp:1  | Received a gift from Okawaru
 29115 | Swamp:1  | Reached skill level 18 in Fighting
 29120 | Swamp:2  | Noticed Nikola
 29246 | Swamp:2  | Killed Nikola
 29261 | Swamp:2  | Killed Louise
 29530 | Swamp:2  | Reached XP level 17. HP: 151/151 MP: 26/26
 29538 | Swamp:2  | Noticed Mlioglotl
 29543 | Swamp:2  | Noticed an Executioner
 29861 | Arena    | Entered the Arena
 29882 | Arena    | Killed Mlioglotl
 31184 | Swamp:3  | Reached skill level 19 in Fighting
 31988 | Swamp:4  | Entered Level 4 of the Swamp
 32337 | Swamp:3  | Received a gift from Okawaru
 33113 | Swamp:4  | Paralysed by a fenstrider witch for 2 turns
 33577 | Swamp:4  | Noticed the 27-headed Lernaean hydra
 33589 | Swamp:4  | Killed the 27-headed Lernaean hydra
 33604 | Swamp:4  | Reached skill level 20 in Fighting
 33753 | Swamp:4  | Got a decaying rune of Zot
 34294 | Snake:1  | Entered Level 1 of the Snake Pit
 34313 | Snake:1  | Received a gift from Okawaru
 34408 | Snake:1  | Found Solyam Jyeng's General Store.
 34408 | Snake:1  | Found Zoneo's Antique Armour Shop.
 34409 | Snake:1  | Found Ritikoe's General Store.
 34413 | Snake:1  | Bought a scroll of teleportation for 51 gold pieces
 34413 | Snake:1  | Found Beecawnu's Antique Weapon Boutique.
 34416 | Snake:1  | Bought an embroidered cloak for 255 gold pieces
 34433 | Snake:1  | Bought a scroll of teleportation for 57 gold pieces
 34605 | Snake:1  | Reached XP level 18. HP: 108/162 MP: 27/27
 36702 | Snake:3  | Identified the +1 ice dragon scales of Buygumpy {Rampage
                  | rF- rC++ MP+9 Str-3 Stlth+} (Okawaru gifted it to you on
                  | level 3 of the Snake Pit)
 36702 | Snake:3  | Received a gift from Okawaru
 36933 | Snake:3  | Reached skill level 21 in Fighting
 37066 | Snake:3  | Found an opulent altar of Gozag.
 37070 | Snake:3  | Found a transporter.
 37077 | Snake:3  | Found Oxzonuhi's Magic Scroll Shoppe.
 37237 | Snake:3  | Found a transporter.
 38022 | Snake:4  | Entered Level 4 of the Snake Pit
 38862 | Snake:4  | Identified the +5 quick blade "Tosihu" {pain, Int+7}
                  | (Okawaru gifted it to you on level 4 of the Snake Pit)
 38862 | Snake:4  | Received a gift from Okawaru
 38968 | Snake:4  | Reached XP level 19. HP: 166/174 MP: 28/28
 39061 | Snake:4  | Reached skill level 22 in Fighting
 39157 | Snake:4  | Got a serpentine rune of Zot
 39533 | Vaults:1 | Entered Level 1 of the Vaults
 39907 | Vaults:1 | Received a gift from Okawaru
 40306 | Vaults:1 | Found a runed translucent door.
 40972 | Vaults:2 | Received a gift from Okawaru
 41262 | Vaults:2 | Found a staircase to the Crypt.
 41437 | Vaults:2 | Reached skill level 23 in Fighting
 41677 | Vaults:2 | Received a gift from Okawaru
 41726 | Vaults:2 | Reached XP level 20. HP: 112/186 MP: 29/29
 41740 | Vaults:2 | Identified the +2 pair of gloves "Nuemyw Wou" {Str+3}
                  | (Okawaru gifted it to you on level 2 of the Vaults)
 41740 | Vaults:2 | Received a gift from Okawaru
 42439 | Vaults:3 | Acquired the +0 kite shield "Poxeuguo" {rF+}
 42784 | Vaults:3 | Reached skill level 24 in Fighting
 43447 | Vaults:3 | Demolished by a vault warden

Illustrated notes

Levels and vault maps discovered:
D:1:      ncdulo_wetmaze, layout_rooms, serial_shops, nicolae_shop_rolled_up
D:2:      layout_basic, shapermc_ecumenical_altar_flowoftime, fountainhead,
          minmay_tromino_v4_b
D:3:      layout_rooms, nicolae_wu_jian_wuxing_cycle,
          mainiacjoe_overflow_catwalk, grunt_ministairs_3, minmay_ruptured
D:4:      layout_basic, temple_doors_cd, guppyfry_shop_venom
D:5:      layout_basic, hangedman_decor_riveting, uniq_ijyb,
          uniq_crazy_yiuf_cottage, uniq_duvessa, uniq_prince_ribbit1
D:6:      layout_basic, serial_shops, shop, kennysheep_big_empty_room,
          chequers_serial_rivers_small_b, roderic_batcave
D:7:      layout_loops_corners, kennysheep_ying_yang, minmay_manual_mares
D:8:      layout_cave_pools, serial_demonic, serial_demonic_d, serial_demonic_f,
          serial_demonic_c, serial_demonic_g, serial_demonic_a,
          serial_demonic_c, serial_demonic_d, serial_demonic_d,
          serial_demonic_d, serial_demonic_e, enter_bailey_7, uniq_amaemon
D:9:      layout_roguey, minitemple, nzn_hepliaklqana_mist_gate,
          lair_entry_dummy, uniq_maggie
D:10:     statuecave_lemuel, layout_loops_corners, mainiacjoe_overflow_chevrons,
          makhleb_altar_promises_db, erik_orc_1,
          minmay_guarded_unrand_variability
D:11:     layout_irregular_city, st_stairs_2
D:12:     layout_basic, serial_shops, shop, bh_walls_and_bars
D:13:     layout_loops_corners, ximxim_vaults_locker_room,
          maelrawn_ghost_gauntlet_escape, minmay_gold_behind_fungi, uniq_nessos
D:14:     layout_cave_pools, nicolae_ru_the_path_less_chosen
D:15:     hangedman_depths_entry_civil_slaughter, layout_cave_pools,
          hangedman_abyss_or_decor_jellyfish_corner
Temple:   nicolae_temple_god_jail
Lair:1:   layout_cave_shapes, kennysheep_rathole
Lair:2:   layout_hall_layers, gauntlet_entry_generic, nicolae_lair_lil_pond,
          kennysheep_snail_temple, serial_bayou_shore_a
Lair:3:   layout_chaotic_city, swamp_mist_pool,
          minmay_snake_entry_six_corridors, minivault_19, serial_bayou_pond_a
Lair:4:   layout_layer_cave, chequers_serial_rivers_large_b,
          pdpol_lair_cabin_in_the_woods, infiniplex_staircase_pool_2
Lair:5:   grunt_lair_end_beastmaster, layout_misc_corridors,
          dpeg_slime_entry_enclosed, grunt_megastairs_5, uniq_snorg
Swamp:1:  layout_falls_marsh, evilmike_swamp_ruin_rubble_1
Swamp:2:  layout_falls_marsh, nicolae_swamp_well_well_well, swamp_pool3,
          uniq_louise, uniq_nikola, uniq_mlioglotl
Swamp:3:  layout_falls_marsh, evilmike_swamp_ruin_house_2, swamp_pool5,
          nicolae_swamp_snake_nest
Swamp:4:  swamp_old_school, layout_basic_swamp
Snake:1:  layout_cave_shapes, minmay_shoptagon
Snake:2:  layout_rooms
Snake:3:  layout_misc_corridors, basic_altar, serial_shops,
          nicolae_shop_drivethru, nicolae_snake_flat_spine, grunt_ministairs_5,
          hangedman_snake_corridor_split, lemuel_fruit_tree
Snake:4:  grunt_snake_rune_pools, layout_cave_town, serial_bayou_ford_a,
          nrook_guardian_serpent_double
Orc:1:    gammafunk_beogh_shrine, layout_caves
Orc:2:    st_orc_ogre_mass, layout_caves, uniq_erolcha, uniq_sonja
Vaults:1: nicolae_vaults_specimen_jars, nicolae_vaults_oozy_zoo,
          nicolae_vaults_trapezoid_3, hangedman_vaults_stagger,
          vaults_mumra_hexcomb, nicolae_vaults_three_branches,
          nicolae_vaults_network_quinsquares
          [nicolae_vaults_network_quincunx_subvault,
          nicolae_vaults_network_quincunx_subvault,
          nicolae_vaults_network_quincunx_subvault,
          nicolae_vaults_network_quincunx_subvault], vaults_dpeg_ring,
          layout_vaults_omnicross
Vaults:2: nicolae_vaults_heart-shaped_vault, nicolae_vaults_diagonal_hallway_7,
          nicolae_vaults_closet_pinwheel_3, minmay_crypt_entry_simple_plaza,
          vaults_room_pools, special_room_vaults [special_room_orc],
          v_alt_pattern_6, v_pattern_1, nicolae_vaults_little_squares_3,
          v_misc_26, v_misc_14, nicolae_vaults_rhombus_7,
          nicolae_vaults_layer_cake_slice, nicolae_vaults_double_plus_1,
          layout_vaults_maze_bifur, uniq_margery
Vaults:3: grunt_vaults_funnel, nicolae_vaults_apartment_1, v_rooms_3,
          nicolae_vaults_storage_closets_2, nicolae_vaults_layer_cake_slice,
          nicolae_vaults_sesquioval_fish, st_squares,
          vaults_room_stairs_pillars, nicolae_vaults_offset_grid_hallway_1,
          nicolae_vaults_little_ls, grunt_vaults_hallway_short,
          nicolae_vaults_border_crossing, vaults_room_door_ring,
          layout_vaults_big_room

Skill      XL: |  1  2  3  4  5  6  7  8  9 10 11 12 13 14 15 16 17 18 19 20 |
---------------+-------------------------------------------------------------+-----
Polearms       | 3 4 5 6 8 9 12 14 | 14.8
Fighting       | 4 5 7 11 15 18 20 21 23 24 | 24.4
Armour         | 3 4 5 6 9 10 | 10.4
Shields        | 5 7 8 10 11 | 11.2
Dodging        | 3 9 10 13 15 17 19 22 23 | 23.9
Invocations    | 3 6 10 12 13 | 13.1

Action                     |  1- 3 |  4- 6 |  7- 9 | 10-12 | 13-15 | 16-18 | 19-21 || total
---------------------------+-------+-------+-------+-------+-------+-------+-------++-------
  Melee: Trident           |    89 |   292 |   468 |   976 |       |       |       ||  1825
         Tailslap          |       |       |     5 |     4 |       |    47 |     2 ||    58
         Demon trident     |       |       |       |   375 |  1351 |  1860 |  1234 ||  4820
  Throw: Throwing net      |       |       |       |       |     2 |       |       ||     2
 Invoke: Heroism           |       |       |     3 |     7 |     4 |     5 |     3 ||    22
         Finesse           |       |       |       |       |     1 |     5 |       ||     6
         Duel              |       |       |       |       |       |     1 |       ||     1
  Evoke: Wand              |       |       |       |     2 |       |     1 |     6 ||     9
    Use: Scroll            |       |     7 |     3 |    13 |    13 |     6 |     2 ||    44
         Potion            |       |       |     2 |     1 |       |     3 |       ||     6
   Stab: Petrified         |       |       |       |     7 |       |       |       ||     7
         Petrifying        |       |       |       |       |     1 |       |       ||     1
         Distracted        |       |       |       |       |       |     1 |       ||     1
 Armour: Scale mail        |    49 |   108 |   117 |    30 |       |       |       ||   304
         Swamp dragon scal |       |       |       |   218 |   217 |   440 |   214 ||  1089
  Dodge: Dodged            |    43 |   136 |   211 |   807 |   629 |  1284 |   855 ||  3965
  Block: Buckler           |    20 |    43 |    36 |       |       |       |       ||    99
         Kite shield       |       |       |    56 |   615 |   581 |   873 |   606 ||  2731

Table legend: (Time is in decaauts)
 A = Elapsed time spent in this place.
 B = Non-inter-level travel time spent in this place.
 C = Inter-level travel time spent in this place.
 D = Time resting spent in this place.
 E = Time spent auto-exploring this place.
 F = Levels seen in this place.
 G = Mean time per level.
                   A        B        C        D        E       F      G
               +--------+--------+--------+--------+--------+-----+--------+
         Total |  41231 |  38794 |   2437 |   7506 |  22297 |  36 | 1145.3 |
       Dungeon |  16650 |  15064 |   1586 |   1946 |   9805 |  15 | 1110.0 |
        Temple |     83 |     39 |     44 |      0 |     28 |   1 |   83.0 |
          Lair |   7171 |   6765 |    406 |   1128 |   4525 |   5 | 1434.2 |
         Swamp |   5856 |   5718 |    138 |   2718 |   1938 |   4 | 1464.0 |
     Snake Pit |   4840 |   4697 |    143 |    633 |   2697 |   4 | 1210.0 |
  Orcish Mines |   2002 |   1945 |     57 |    255 |   1142 |   2 | 1001.0 |
        Vaults |   3546 |   3485 |     61 |    391 |   1987 |   3 | 1182.0 |
        Bailey |   1063 |   1063 |      0 |    433 |    174 |   1 | 1063.0 |
         Arena |     16 |     16 |      0 |      0 |      0 |   1 |   16.0 |
               +--------+--------+--------+--------+--------+-----+--------+

Top non-repeatable levels by time:
 Swamp:3: 2660 daAuts
    D:10: 2348 daAuts
  Lair:4: 1958 daAuts
    D:13: 1873 daAuts
  Lair:3: 1629 daAuts
 Snake:3: 1533 daAuts
Vaults:1: 1438 daAuts
 Swamp:1: 1363 daAuts
  Lair:5: 1334 daAuts
     D:5: 1326 daAuts
     D:7: 1276 daAuts
Vaults:2: 1214 daAuts
     D:4: 1181 daAuts
  Lair:1: 1173 daAuts
 Snake:4: 1132 daAuts
